 Dungeon Sprint DCSS version 0.17-a0-1748-g222fba8 (webtiles) character file.

10200000 ztt the Plane Walker (level 27, -56/272 (273) HPs)
             Began as a Ghoul Warper on Sept 1, 2015.
             Was the Champion of Makhleb.
             Annihilated by a destroyer
             ... wielding a +9 great sword of slicing
              (61 damage)
             ... in the Dungeon (Sprint VIII: "Arena of Blood").
             The game lasted 00:01:57 (102 turns).

ztt the Plane Walker (Ghoul Warper)                  Turns: 102, Time: 00:01:57

HP:   -56/272 (273) AC:  6    Str: 19    XL:     27
MP:   27/53         EV: 32    Int:  8    God:    Makhleb [******]
Gold: 0             SH:  0    Dex: 17    Spells: 1 memorised, 79 levels left

rFire  . . .     SeeInvis +     k - +โˆž Axe of Woe
rCold  + . .     Clarity  .     a - +0 leather armour
rNeg   + + +     SustAt   .     (no shield) rPois โˆž
Gourm  .                        (no helmet)
rElec  .         Spirit   .     (no cloak)
rCorr  .         Warding  .     (no gloves)
rMut   .         NoTele   +     (no boots)
MR     ++...                    (no amulet)
Stlth  +++++++++.               (no ring)
                                l - ring of see invisible

@: rotting, very resistant to hostile enchantments, incredibly stealthy
A: rotting body, claws 1, carnivore 3, cold resistance 1, negative energy
resistance 3, slow healing 1, torment resistance, unbreathing
a: Minor Destruction, Lesser Servant of Makhleb, Major Destruction, Greater
Servant of Makhleb, Renounce Religion


You were in the Dungeon.
You worshipped Makhleb.
Makhleb was exalted by your worship.
You were not hungry.

You visited 1 branch

Inventory:

Hand weapons
 k - the +โˆž Axe of Woe (weapon)
   (You found it in the Dungeon)
Missiles
 d - 5 tomahawks of dispersal (quivered)
Armour
 a - a +0 leather armour (worn)
Jewellery
 l - a ring of see invisible (left claw)
Scrolls
 c - 2 scrolls of blinking
Potions
 f - a potion of curing
 g - a potion of heal wounds
 h - a potion of haste
 i - 2 potions of magic
 j - a potion of berserk rage
Books
 b - a book of Spatial Translocations

   Spells                             Type                      Level
   a - Apportation                    Translocation                1
   b - Blink                          Translocation                2
   c - Shroud of Golubria             Charms/Translocation         2
   d - Portal Projectile              Translocation                3
   e - Teleport Other                 Translocation                3
   f - Passage of Golubria            Translocation                4
Comestibles
 e - a meat ration


   Skills:
 O Level 27 Fighting
 O Level 27 Axes
 O Level 27 Throwing
 O Level 27 Armour
 O Level 27 Dodging
 O Level 27 Stealth
 O Level 27 Unarmed Combat
 O Level 27 Spellcasting
 O Level 27 Translocations
 O Level 27 Invocations


You had 79 spell levels left.
You knew the following spells:

 Your Spells              Type           Power        Failure   Level  Hunger
a - Apportation           Tloc           ######....   0%          1    None


Dungeon Overview and Level Annotations

Branches:
Dungeon (1/1)

Altars:
Makhleb

Annotations:
D The Servant


Innate Abilities, Weirdness & Mutations

Your body is rotting away.
You thrive on raw meat.
You are immune to poison.
You have sharp fingernails.
You are carnivorous and can eat meat at any time.
Your flesh is cold resistant.
You are immune to negative energy.
You heal slowly when monsters are visible.
You are immune to unholy pain and torment.
You can survive without breathing.


Message History

You hear a shout! x5
The corpses begin to drag themselves along the ground!
You hear a shout!
An orc, an ogre and a hill giant come into view.
Unknown command.
The bag of meat shouts!
The large bag of meat shouts!
You hit the crawling corpse.
You chop the crawling corpse into pieces.
You destroy the crawling corpse!
You convulse!
You hear a shout! x3
Unknown command.
Unknown command. 3 orcs, a hell beast and Harold come into view.
The meat beast moves out of view.
You hear a shout! x3
The destroyer hits you with a +9 great sword of slicing!!!!!
Ouch! That really hurt!
* * * LOW HITPOINT WARNING * * *
You die...

.<._#o. .
....#C.....#.#.# o.@ oo
._.............o z. .V..
###.C.......#o#.#OC#.C..
.....###......Wo..#..C..
.....#.........OOo.#o...
.....#............#oo...
....%...........V.......
)........#...#..@.x.#
).......#W...#.....##
.)ยง...##..W..#.)...#
)))..#......#....##....
).)..#...###WW..#.......
)).........)).#.........
..........)).........###
....)####.........####
.......#.......####


You could see The Servant (wandering), 2 destroyers, a sculptor of flesh, 2
large bags of meat, 2 wretched souls, a dread, 3 meat berserkers and 10 bags of
meat.

Vanquished Creatures
  Sigmund (D)
  4 hell beasts (D)
  5 greater mummies (D)
  A wraith (D)
  10 vampire knights (D)
  22 ogres (D)
  3 hydras (D)
  40 orcs (D)
  2 phantoms (D)
  4 hill giants (D)
  4 skeletal warriors (D)
  3 large abominations (D)
  3 small abominations (D)
  5 crawling corpses (D)
107 creatures vanquished.

Vanquished Creatures (others)
  6 crawling corpses (D)
6 creatures vanquished.

Grand Total: 113 creatures vanquished

Notes
Turn   | Place    | Note
--------------------------------------------------------------
     0 | D        | ztt the Ghoul Warper began the quest for the Orb.
     0 | D        | Reached XP level 1. HP: 17/17 MP: 2/2
     4 | D        | Became a worshipper of Makhleb the Destroyer
     6 | D        | Noticed a bag of meat
     6 | D        | Noticed a bag of meat
     6 | D        | Noticed a meat berserker
     7 | D        | Noticed a bag of meat
     7 | D        | Noticed a bag of meat
     7 | D        | Noticed a bag of meat
     8 | D        | Noticed a meat berserker
     8 | D        | Noticed a bag of meat
     8 | D        | Noticed a bag of meat
     8 | D        | Noticed a bag of meat
     8 | D        | Noticed a bag of meat
     9 | D        | Noticed a bag of meat
     9 | D        | Noticed a bag of meat
     9 | D        | Noticed a meat berserker
     9 | D        | Killed a meat berserker
     9 | D        | Reached skill level 13 in Fighting
     9 | D        | Reached skill level 20 in Translocations
     9 | D        | Reached XP level 2. HP: 20/44 MP: 2/14
     9 | D        | Reached XP level 3. HP: 22/50 MP: 2/15
     9 | D        | Reached XP level 4. HP: 25/58 MP: 2/17
     9 | D        | Reached XP level 5. HP: 27/64 MP: 2/18
     9 | D        | Reached XP level 6. HP: 30/72 MP: 2/20
     9 | D        | Reached XP level 7. HP: 32/79 MP: 2/21
     9 | D        | Reached XP level 8. HP: 34/86 MP: 2/23
     9 | D        | Reached XP level 9. HP: 36/93 MP: 2/24
     9 | D        | Reached XP level 10. HP: 39/101 MP: 2/25
     9 | D        | Reached XP level 11. HP: 41/107 MP: 2/26
     9 | D        | Reached XP level 12. HP: 44/115 MP: 2/27
     9 | D        | Reached XP level 13. HP: 46/122 MP: 2/28
    10 | D        | Noticed a bag of meat
    10 | D        | Noticed a bag of meat
    10 | D        | Noticed a bag of meat
    11 | D        | Noticed a bag of meat
    11 | D        | Noticed a bag of meat
    11 | D        | Noticed a bag of meat
    11 | D        | Killed a meat berserker
    11 | D        | Acquired Makhleb's first power
    11 | D        | Reached skill level 15 in Fighting
    11 | D        | Reached skill level 1 in Axes
    11 | D        | Reached skill level 5 in Throwing
    11 | D        | Reached skill level 23 in Translocations
    11 | D        | Reached XP level 14. HP: 108/135 MP: 2/30
    11 | D        | Killed a bag of meat
    11 | D        | Reached skill level 15 in Unarmed Combat
    11 | D        | Reached skill level 24 in Translocations
    11 | D        | Reached XP level 15. HP: 113/145 MP: 2/32
    11 | D        | Killed a bag of meat
    11 | D        | Acquired Makhleb's second power
    11 | D        | Reached skill level 15 in Spellcasting
    12 | D        | Noticed a bag of meat
    12 | D        | Killed a bag of meat
    12 | D        | Reached skill level 25 in Translocations
    12 | D        | Reached XP level 16. HP: 62/157 MP: 3/34
    12 | D        | Killed a bag of meat
    12 | D        | Acquired Makhleb's third power
    12 | D        | Reached skill level 15 in Dodging
    12 | D        | Reached skill level 26 in Translocations
    12 | D        | Killed a bag of meat
    12 | D        | Reached skill level 27 in Translocations
    12 | D        | Killed a meat berserker
    12 | D        | Acquired Makhleb's fourth power
    12 | D        | Reached XP level 17. HP: 159/176 MP: 3/38
    13 | D        | Noticed a meat berserker
    13 | D        | Noticed a meat berserker
    13 | D        | Killed a bag of meat
    13 | D        | Reached skill level 10 in Axes
    13 | D        | Reached skill level 10 in Armour
    13 | D        | Killed a bag of meat
    13 | D        | Reached XP level 18. HP: 184/190 MP: 3/40
    13 | D        | Killed a bag of meat
    13 | D        | Acquired Makhleb's fifth power
    13 | D        | Killed a bag of meat
    14 | D        | Noticed a meat berserker
    14 | D        | Killed a bag of meat
    14 | D        | Killed a bag of meat
    14 | D        | Reached skill level 27 in Fighting
    14 | D        | Reached skill level 15 in Axes
    14 | D        | Reached XP level 19. HP: 202/207 MP: 3/43
    14 | D        | Noticed a bag of meat
    15 | D        | Killed a bag of meat
    15 | D        | Killed a meat berserker
    15 | D        | Reached skill level 10 in Throwing
    15 | D        | Killed a bag of meat
    16 | D        | Killed a bag of meat
    16 | D        | Reached XP level 20. HP: 216/216 MP: 4/47
    16 | D        | Killed a meat berserker
    16 | D        | Reached skill level 15 in Armour
    17 | D        | Noticed a meat berserker
    17 | D        | Noticed a bag of meat
    18 | D        | Noticed a large bag of meat
    18 | D        | Noticed a bag of meat
    18 | D        | Killed a bag of meat
    18 | D        | Killed a meat berserker
    18 | D        | Reached skill level 27 in Unarmed Combat
    18 | D        | Reached XP level 21. HP: 224/224 MP: 5/50
    18 | D        | Killed a bag of meat
    19 | D        | Noticed a large bag of meat
    19 | D        | Noticed a bag of meat
    19 | D        | Noticed a bag of meat
    19 | D        | Noticed a bag of meat
    20 | D        | Noticed a meat berserker
    21 | D        | Noticed a meat berserker
    21 | D        | Killed a meat berserker
    21 | D        | Reached skill level 27 in Axes
    21 | D        | Reached skill level 27 in Dodging
    21 | D        | Reached skill level 27 in Spellcasting
    22 | D        | Killed a bag of meat
    22 | D        | Reached skill level 15 in Throwing
    24 | D        | Noticed a large bag of meat
    25 | D        | Killed a large bag of meat
    25 | D        | Reached XP level 22. HP: 187/233 MP: 7/52
    25 | D        | Killed a bag of meat
    25 | D        | Killed a bag of meat
    26 | D        | Noticed a meat berserker
    26 | D        | Noticed a bag of meat
    27 | D        | Noticed an eight-headed meat hydra
    28 | D        | Noticed an eight-headed meat hydra
    29 | D        | Noticed a large bag of meat
    29 | D        | Noticed a destroyer
    29 | D        | Killed a meat berserker
    29 | D        | Reached skill level 27 in Armour
    29 | D        | Killed a bag of meat
    29 | D        | Killed a meat berserker
    29 | D        | Reached skill level 27 in Throwing
    29 | D        | Reached XP level 23. HP: 239/239 MP: 8/53
    29 | D        | Killed a meat berserker
    29 | D        | Reached skill level 15 in Invocations
    30 | D        | Noticed a destroyer
    30 | D        | Killed a bag of meat
    31 | D        | Killed a bag of meat
    31 | D        | Killed a bag of meat
    32 | D        | Noticed a destroyer
    33 | D        | Noticed a sculptor of flesh
    33 | D        | Killed a destroyer
    33 | D        | Reached skill level 27 in Stealth
    33 | D        | Reached skill level 27 in Invocations
    33 | D        | Reached XP level 24. HP: 248/248 MP: 8/53
    34 | D        | Noticed a destroyer
    34 | D        | Killed a large bag of meat
    35 | D        | Killed a bag of meat
    35 | D        | Killed a destroyer
    36 | D        | Killed an eight-headed meat hydra
    36 | D        | Reached XP level 25. HP: 256/256 MP: 9/53
    36 | D        | Killed a destroyer
    37 | D        | Killed a nine-headed meat hydra
    38 | D        | Noticed a meat berserker
    38 | D        | Noticed a sculptor of flesh
    38 | D        | Killed a large bag of meat
    38 | D        | Killed a bag of meat
    38 | D        | Killed a large bag of meat
    38 | D        | Reached XP level 26. HP: 265/265 MP: 9/53
    39 | D        | Killed a sculptor of flesh
    40 | D        | Killed a destroyer
    40 | D        | Killed a sculptor of flesh
    42 | D        | Noticed a meat berserker
    45 | D        | Noticed a meat berserker
    45 | D        | Noticed an accursed
    46 | D        | Noticed a meat berserker
    46 | D        | Noticed a meat berserker
    47 | D        | Noticed a meat berserker
    47 | D        | Killed a meat berserker
    48 | D        | Killed a meat berserker
    48 | D        | Reached XP level 27. HP: 272/272 MP: 12/53
    49 | D        | Noticed a bag of meat
    49 | D        | Noticed a bag of meat
    49 | D        | Noticed a sculptor of flesh
    49 | D        | Noticed a destroyer
    50 | D        | Noticed a sculptor of flesh
    50 | D        | Noticed a destroyer
    51 | D        | Noticed a bag of meat
    51 | D        | Noticed an accursed
    51 | D        | Killed a meat berserker
    51 | D        | Killed a meat berserker
    53 | D        | Killed a meat berserker
    53 | D        | Killed a meat berserker
    53 | D        | Killed a destroyer
    54 | D        | Noticed a bag of meat
    55 | D        | Noticed a bag of meat
    55 | D        | Killed a destroyer
    56 | D        | Noticed a bag of meat
    56 | D        | Noticed an accursed
    56 | D        | Noticed an accursed
    57 | D        | Noticed a bag of meat
    58 | D        | Killed a bag of meat
    58 | D        | Killed an accursed
    59 | D        | Noticed a destroyer
    59 | D        | Killed an accursed
    59 | D        | Killed a sculptor of flesh
    60 | D        | Noticed a bag of meat
    61 | D        | Noticed a meat beast
    61 | D        | Killed a bag of meat
    61 | D        | Killed a bag of meat
    61 | D        | Killed a destroyer
    62 | D        | Noticed a bag of meat
    62 | D        | Killed a bag of meat
    63 | D        | Killed a sculptor of flesh
    67 | D        | Killed a meat beast
    67 | D        | Killed a bag of meat
    68 | D        | Killed an accursed
    68 | D        | Killed a bag of meat
    69 | D        | Noticed a dread
    69 | D        | Killed a bag of meat
    72 | D        | Noticed a meat berserker
    73 | D        | Noticed a meat berserker
    73 | D        | Noticed a bag of meat
    73 | D        | Noticed a bag of meat
    74 | D        | Noticed a meat beast
    74 | D        | Noticed a bag of meat
    74 | D        | Noticed a destroyer
    74 | D        | Noticed The Captor
    74 | D        | Noticed a bag of meat
    74 | D        | Noticed a bag of meat
    75 | D        | Noticed a wretched soul
    75 | D        | Killed a bag of meat
    75 | D        | Killed a meat berserker
    76 | D        | Killed a meat berserker
    77 | D        | Killed a bag of meat
    78 | D        | Killed a meat beast
    79 | D        | Noticed a meat berserker
    79 | D        | Killed a destroyer
    79 | D        | Killed The Captor
    81 | D        | Noticed a wretched soul
    81 | D        | Killed an accursed
    82 | D        | Noticed a destroyer
    82 | D        | Killed a dread
    83 | D        | Noticed a bag of meat
    83 | D        | Killed a bag of meat
    83 | D        | Killed a bag of meat
    84 | D        | Killed a bag of meat
    84 | D        | Killed a wretched soul
    85 | D        | Killed a destroyer
    86 | D        | Noticed a meat beast
    86 | D        | Noticed a meat beast
    86 | D        | Killed a meat berserker
    86 | D        | Killed a wretched soul
    87 | D        | Killed a meat beast
    87 | D        | Killed a meat beast
    87 | D        | Killed a bag of meat
    88 | D        | Noticed a sculptor of flesh
    89 | D        | Noticed an accursed
    89 | D        | Killed a bag of meat
    89 | D        | Killed a bag of meat
    91 | D        | Killed an accursed
    92 | D        | Noticed a meat berserker
    93 | D        | Noticed a meat berserker
    93 | D        | Killed a meat berserker
    94 | D        | Killed a meat berserker
    95 | D        | Noticed a destroyer
    95 | D        | Noticed a bag of meat
    95 | D        | Noticed a dread
    95 | D        | Noticed a wretched soul
    96 | D        | Noticed a meat berserker
    96 | D        | Noticed a bag of meat
    97 | D        | Noticed a destroyer
    97 | D        | Noticed a bag of meat
    97 | D        | Noticed a destroyer
    98 | D        | Noticed a bag of meat
    98 | D        | Noticed a bag of meat
    98 | D        | Noticed a bag of meat
    98 | D        | Noticed a bag of meat
    98 | D        | Noticed a bag of meat
    98 | D        | Noticed a meat berserker
    99 | D        | Noticed a wretched soul
    99 | D        | Noticed a meat berserker
    99 | D        | Killed a destroyer
    99 | D        | Killed a meat berserker
   100 | D        | Noticed a large bag of meat
   100 | D        | Noticed a large bag of meat
   101 | D        | Noticed a bag of meat
   101 | D        | Noticed a meat berserker
   101 | D        | Noticed a large bag of meat
   102 | D        | Noticed a bag of meat
   102 | D        | Noticed a bag of meat
   102 | D        | Noticed a bag of meat
   102 | D        | Noticed The Servant
   102 | D        | Noticed a meat beast
   102 | D        | HP: 5/272 [destroyer/+9 great sword of slicing (187)]
   102 | D        | Annihilated by a destroyer

Vault maps used:
D:        meatsprint

Action                   |  1- 3 |  4- 6 |  7- 9 | 10-12 | 13-15 | 16-18 | 19-21 | 22-24 | 25-27 || total
-------------------------+-------+-------+-------+-------+-------+-------+-------+-------+-------++-------
Melee: Executioner's axe |     1 |       |       |       |     2 |     2 |     6 |     7 |    41 ||    59
 Cast: Apportation       |       |       |       |       |       |       |       |     1 |       ||     1
